ORI
CALIFORNIA STATE UNIVERSITY AT FULLERTON TITANS @ UNIVERSITY OF NEBRASKA CORNHUSKERS
08/22/2045
 
TOP OF THE 1ST
California State University at Fullerton Titans batting - Pitching for University of Nebraska Cornhuskers : RHP Danny Sosa
Pitching: RHP Danny Sosa
Batting: LHB Carlos Guadarrama 0-0: Ball
1-0: Ground out 6-3 (Groundball, 6, EV 83.1 MPH)
Batting: SHB Macho Baez 0-0: Called Strike
0-1: Ground out 6-3 (Groundball, 56D, EV 105.6 MPH)
Batting: RHB Panam Palmer 0-0: Ball
1-0: Called Strike
1-1: Ground out 3-1 (Groundball, 34S, EV 79.4 MPH)
Top of the 1st over - 0 runs, 0 hits, 0 errors, 0 left on base; California State University at Fullerton 0 - University of Nebraska 0
BOTTOM OF THE 1ST
University of Nebraska Cornhuskers batting - Pitching for California State University at Fullerton Titans : LHP Francisco Mendoza
Pitching: LHP Francisco Mendoza
Batting: RHB Willie Acevedo 0-0: Called Strike
0-1: Ground out 6-3 (Groundball, 6, EV 100.6 MPH)
Batting: LHB Martin Koka 0-0: Fly out, F5 (Flyball, 5D, EV 90.0 MPH)
Batting: RHB Fred Rodriguez 0-0: Ball
1-0: Called Strike
1-1: Swinging Strike
1-2: Ball
2-2: Foul Ball, location: 2F
2-2: SINGLE (Groundball, 34, EV 104.4 MPH)
Batting: LHB Arunansu Meenan 0-0: Ball
1-0: Called Strike
1-1: Called Strike
1-2: Ball
2-2: Strikes out swinging
Bottom of the 1st over - 0 runs, 1 hit, 0 errors, 1 left on base; California State University at Fullerton 0 - University of Nebraska 0
TOP OF THE 2ND
California State University at Fullerton Titans batting - Pitching for University of Nebraska Cornhuskers : RHP Danny Sosa
Batting: LHB Freddy Monge 0-0: Foul Ball, location: 2F
0-1: Ball
1-1: Ball
2-1: Fly out, F8 (Flyball, 8LS, EV 85.0 MPH)
Batting: SHB Pim Schriever 0-0: Ground out 4-3 (Groundball, 4, EV 79.4 MPH)
Batting: LHB Alberto Aguilar 0-0: Called Strike
0-1: Foul Ball, location: 2F
0-2: Fly out, F9 (Flyball, 9, EV 91.9 MPH)
Top of the 2nd over - 0 runs, 0 hits, 0 errors, 0 left on base; California State University at Fullerton 0 - University of Nebraska 0
BOTTOM OF THE 2ND
University of Nebraska Cornhuskers batting - Pitching for California State University at Fullerton Titans : LHP Francisco Mendoza
Batting: RHB Chris Lenius 0-0: Ball
1-0: Called Strike
1-1: Called Strike
1-2: Ball
2-2: Fly out, F8 (Flyball, 8RM, EV 78.1 MPH)
Batting: LHB Roger Shearing 0-0: Called Strike
0-1: Swinging Strike
0-2: Ball
1-2: Strikes out looking
Batting: RHB Antonio Beltran 0-0: Ball
1-0: Foul Ball, location: 2F
1-1: Ball
2-1: Ball
3-1: Base on Balls
Batting: LHB Pete Fischer 0-0: Ball
1-0: Foul Ball, location: 2F
1-1: Called Strike
1-2: Ball
2-2: Ball
3-2: SINGLE (Groundball, 13, EV 92.5 MPH) (infield hit)
Antonio Beltran to second
Batting: RHB George Buffy 0-0: Called Strike
0-1: Ball
1-1: Foul Ball, location: 2F
1-2: Strikes out swinging
Bottom of the 2nd over - 0 runs, 1 hit, 0 errors, 2 left on base; California State University at Fullerton 0 - University of Nebraska 0
TOP OF THE 3RD
California State University at Fullerton Titans batting - Pitching for University of Nebraska Cornhuskers : RHP Danny Sosa
Batting: RHB Matt Martin 0-0: Called Strike
0-1: Ground out 5-3 (Groundball, 56S, EV 81.2 MPH)
Batting: SHB Chris Escalante 0-0: Ball
1-0: Foul Ball, location: 2F
1-1: Swinging Strike
1-2: Strikes out looking
Batting: LHB Jim Unknown 0-0: Ball
1-0: Foul Ball, location: 2F
1-1: Swinging Strike
1-2: Ball
2-2: Strikes out swinging
Top of the 3rd over - 0 runs, 0 hits, 0 errors, 0 left on base; California State University at Fullerton 0 - University of Nebraska 0
BOTTOM OF THE 3RD
University of Nebraska Cornhuskers batting - Pitching for California State University at Fullerton Titans : LHP Francisco Mendoza
Batting: RHB Willie Acevedo 0-0: Ball
1-0: Ball
2-0: Foul Ball, location: 2F
2-1: Ball
3-1: Base on Balls
Batting: LHB Martin Koka 0-0: Called Strike
0-1: Swinging Strike
0-2: Ball
1-2: Ball
2-2: Ball
3-2: Base on Balls
Willie Acevedo to second
Batting: RHB Fred Rodriguez 0-0: Swinging Strike
0-1: Fly out, F5 (Popup, 5SF, EV 65.0 MPH)
Batting: LHB Arunansu Meenan 0-0: Ball
1-0: Called Strike
1-1: Called Strike
1-2: SINGLE (Line Drive, 9S, EV 90.0 MPH)
Willie Acevedo to third
Martin Koka to second
Runner from 3rd tries for Home, SAFE, throw by RF to home
Batting: RHB Chris Lenius 0-0: Swinging Strike
0-1: 3-RUN HOME RUN (Flyball, 7D, EV 94.4 MPH), Distance : 378 ft
Batting: LHB Roger Shearing 0-0: Foul Ball, location: 2F
0-1: Foul Ball, location: 2F
0-2: Strikes out looking
Batting: RHB Antonio Beltran 0-0: Called Strike
0-1: Ball
1-1: Swinging Strike
1-2: Strikes out swinging
Bottom of the 3rd over - 4 runs, 2 hits, 0 errors, 0 left on base; California State University at Fullerton 0 - University of Nebraska 4
TOP OF THE 4TH
California State University at Fullerton Titans batting - Pitching for University of Nebraska Cornhuskers : RHP Danny Sosa
Batting: LHB Carlos Guadarrama 0-0: Called Strike
0-1: Ball
1-1: Swinging Strike
1-2: Ball
2-2: Foul Ball, location: 2F
2-2: SINGLE (Groundball, 34D, EV 103.8 MPH)
Batting: SHB Macho Baez 0-0: Ball
1-0: Foul Ball, location: 2F
1-1: Fielders Choice at 2nd, 4-6 (Groundball, 4, EV 83.1 MPH)
Batting: RHB Panam Palmer 0-0: SINGLE (Line Drive, 78S, EV 108.1 MPH)
Macho Baez to second
Runner from 2nd tries for 3rd, SAFE, throw by LF made to third
Batting: LHB Freddy Monge 0-0: Ball
1-0: Swinging Strike
1-1: Ball
2-1: Ground out 5-3 (Groundball, 56S, EV 67.5 MPH)
Macho Baez scores
Panam Palmer to second
Batting: SHB Pim Schriever 0-0: Ball
1-0: Swinging Strike
1-1: Ball
2-1: Called Strike
2-2: Foul Ball, location: 2F
2-2: Ball
3-2: Base on Balls
Batting: LHB Alberto Aguilar 0-0: SINGLE (Groundball, 6MD, EV 110.6 MPH)
Panam Palmer to third
Pim Schriever to second
Runner from 3rd tries for Home, SAFE, throw by CF to home
Batting: RHB Matt Martin 0-0: Swinging Strike
0-1: Ball
1-1: Ball
2-1: Ball
3-1: Called Strike
3-2: Foul Ball, location: 2F
3-2: Base on Balls
Pim Schriever to third
Alberto Aguilar to second
Batting: SHB Chris Escalante 0-0: Reached on error, E5 (Groundball, 5, EV 88.1 MPH)
Pim Schriever scores
Alberto Aguilar to third
Matt Martin to second
Batting: LHB Jim Unknown 0-0: Foul Ball, location: 2F
0-1: Foul Ball, location: 2F
0-2: DOUBLE (Flyball, 8LXD, EV 100.0 MPH)
Alberto Aguilar scores
Matt Martin scores
Chris Escalante to third
Pitching: RHP Olegário Salsinha
Batting: LHB Carlos Guadarrama 0-0: Ball
1-0: SINGLE (Line Drive, 9S, EV 95.6 MPH)
Chris Escalante scores
Jim Unknown to third
Runner from 3rd tries for Home, SAFE, throw by RF to home
Batting: SHB Macho Baez 0-0: SINGLE (Groundball, 56D, EV 99.4 MPH)
Carlos Guadarrama to second
Batting: RHB Panam Palmer 0-0: Fly out, F7 (Flyball, 7S, EV 79.4 MPH)
Top of the 4th over - 7 runs, 6 hits, 1 error, 2 left on base; California State University at Fullerton 7 - University of Nebraska 4
BOTTOM OF THE 4TH
University of Nebraska Cornhuskers batting - Pitching for California State University at Fullerton Titans : LHP Francisco Mendoza
Batting: LHB Pete Fischer 0-0: Ball
1-0: Ball
2-0: DOUBLE (Flyball, 8LXD, EV 90.0 MPH)
Batting: RHB George Buffy 0-0: Ball
1-0: Called Strike
1-1: Ball
2-1: Ball
3-1: Swinging Strike
3-2: Foul Ball, location: 2F
3-2: Base on Balls
Batting: RHB Willie Acevedo 0-0: Called Strike
0-1: Ball
1-1: Ball
2-1: Ball
3-1: Base on Balls
Pete Fischer to third
George Buffy to second
Batting: LHB Martin Koka 0-0: Called Strike
0-1: Called Strike
0-2: Fly out, F3 (Line Drive, 3, EV 74.4 MPH)
Lined into DP, U3 (Line Drive, 3, EV 68.1 MPH)
Pitching: RHP Arturo Ruiz
Batting: RHB Fred Rodriguez 0-0: Ball
1-0: Ball
2-0: Ball
3-0: Called Strike
3-1: Swinging Strike
3-2: Base on Balls
Batting: LHB Arunansu Meenan 0-0: Called Strike
0-1: Ball
1-1: Swinging Strike
1-2: SINGLE (Flyball, 8RS, EV 93.8 MPH)
Pete Fischer scores
George Buffy to third
Fred Rodriguez to second
Runner from 3rd tries for Home, SAFE, throw by CF to home
Batting: RHB Chris Lenius 0-0: Fly out, F4 (Popup, 4, EV 72.5 MPH)
Bottom of the 4th over - 2 runs, 2 hits, 0 errors, 2 left on base; California State University at Fullerton 7 - University of Nebraska 6
TOP OF THE 5TH
California State University at Fullerton Titans batting - Pitching for University of Nebraska Cornhuskers : RHP Olegário Salsinha
Batting: LHB Freddy Monge 0-0: Ball
1-0: Ball
2-0: DOUBLE (Line Drive, 7LS, EV 103.8 MPH)
Batting: SHB Pim Schriever 0-0: SINGLE (Groundball, 34D, EV 103.8 MPH)
Freddy Monge to third
Batting: LHB Alberto Aguilar 0-0: Ball
1-0: SINGLE (Groundball, 6, EV 95.0 MPH)
Freddy Monge scores
Pim Schriever to second
Batting: RHB Matt Martin 0-0: Ball
1-0: Ball
2-0: Ball
3-0: Base on Balls
Pim Schriever to third
Alberto Aguilar to second
Batting: SHB Chris Escalante 0-0: Swinging Strike
0-1: Ball
1-1: Fielders Choice at 2nd, 6-4 (Groundball, 6, EV 90.0 MPH)
Pim Schriever scores
Alberto Aguilar to third
Batting: LHB Jim Unknown 0-0: Ball
1-0: Ball
2-0: Foul Ball, location: 2F
2-1: Swinging Strike
2-2: Ball
3-2: Foul Ball, location: 2F
3-2: Strikes out swinging
Batting: LHB Carlos Guadarrama 0-0: Ball
1-0: Ball
2-0: Swinging Strike
2-1: SINGLE (Flyball, 3D, EV 86.2 MPH)
Alberto Aguilar scores
Chris Escalante to second
Runner from 2nd tries for 3rd, SAFE, throw by RF made to third
Pitching: RHP D.J. Bryant
Batting: SHB Macho Baez 0-0: Foul Ball, location: 2F
0-1: Ball
1-1: Swinging Strike
1-2: Strikes out looking
Top of the 5th over - 3 runs, 4 hits, 0 errors, 2 left on base; California State University at Fullerton 10 - University of Nebraska 6
BOTTOM OF THE 5TH
University of Nebraska Cornhuskers batting - Pitching for California State University at Fullerton Titans : RHP Arturo Ruiz
Batting: LHB Roger Shearing 0-0: Ball
1-0: Ball
2-0: Ball
3-0: Base on Balls
Batting: RHB Antonio Beltran 0-0: Ball
1-0: Ball
2-0: Ball
3-0: Base on Balls
Roger Shearing to second
Batting: LHB Pete Fischer 0-0: Ball
1-0: Foul Ball, location: 3F, Error on foul ball, E3
1-1: Foul Ball, location: 2F
1-2: Strikes out swinging
Batting: RHB George Buffy 0-0: Called Strike
0-1: Ball
1-1: Ball
2-1: Ball
3-1: Swinging Strike
3-2: Strikes out swinging
Batting: RHB Willie Acevedo 0-0: Called Strike
0-1: Ball
1-1: Ball
2-1: Called Strike
2-2: Foul Ball, location: 2F
2-2: Ball
3-2: Base on Balls
Roger Shearing to third
Antonio Beltran to second
Batting: LHB Martin Koka 0-0: Swinging Strike
0-1: Ball
1-1: Ball
2-1: Ball
3-1: Called Strike
3-2: Base on Balls
Roger Shearing scores
Antonio Beltran to third
Willie Acevedo to second
Batting: RHB Fred Rodriguez 0-0: Ball
1-0: Ball
2-0: Ball
3-0: Base on Balls
Antonio Beltran scores
Willie Acevedo to third
Martin Koka to second
Batting: LHB Arunansu Meenan 0-0: Foul Ball, location: 2F
0-1: Ball
1-1: Ball
2-1: Foul Ball, location: 2F
2-2: Foul Ball, location: 2F
2-2: Ball
3-2: Foul Ball, location: 2F
3-2: Base on Balls
Willie Acevedo scores
Martin Koka to third
Fred Rodriguez to second
Batting: RHB Chris Lenius 0-0: Foul Ball, location: 2F
0-1: Swinging Strike
0-2: Ball
1-2: Foul Ball, location: 2F
1-2: Ball
2-2: SINGLE (Groundball, 56D, EV 103.1 MPH)
Martin Koka scores
Fred Rodriguez to third
Arunansu Meenan to second
Runner from 3rd tries for Home, SAFE, throw by LF to home
Pitching: RHP Jim Unknown
Batting: LHB Roger Shearing 0-0: Ball
1-0: Ball
2-0: Ball
3-0: Base on Balls
Arunansu Meenan to third
Chris Lenius to second
Batting: RHB Antonio Beltran 0-0: Ball
1-0: Called Strike
1-1: Ball
2-1: Ball
3-1: Base on Balls
Arunansu Meenan scores
Chris Lenius to third
Roger Shearing to second
Batting: LHB Pete Fischer 0-0: Ball
1-0: Swinging Strike
1-1: Ball
2-1: Called Strike
2-2: Ball
3-2: Base on Balls
Chris Lenius scores
Roger Shearing to third
Antonio Beltran to second
Batting: RHB George Buffy 0-0: Ball
1-0: Ball
2-0: Fly out, F3 (Popup, 23F, EV 83.1 MPH)
Bottom of the 5th over - 7 runs, 1 hit, 1 error, 3 left on base; California State University at Fullerton 10 - University of Nebraska 13
TOP OF THE 6TH
California State University at Fullerton Titans batting - Pitching for University of Nebraska Cornhuskers : RHP D.J. Bryant
Batting: RHB Panam Palmer 0-0: DOUBLE (Flyball, 78D, EV 107.5 MPH)
Batting: LHB Freddy Monge 0-0: Foul Ball, location: 2F
0-1: Ball
1-1: Ball
2-1: Foul Ball, location: 9LSF, Error on foul ball, E9
2-2: Ground out 6-3 (Groundball, 6S, EV 85.0 MPH)
Batting: SHB Pim Schriever 0-0: Foul Ball, location: 2F
0-1: Ball
1-1: Ground out 4-3 (Groundball, 4, EV 84.4 MPH)
Panam Palmer to third
Batting: LHB Alberto Aguilar 0-0: Swinging Strike
0-1: Called Strike
0-2: Foul Ball, location: 2F
0-2: SINGLE (Groundball, 56D, EV 100.6 MPH)
Panam Palmer scores
Batting: RHB Matt Martin 0-0: Ball
1-0: Swinging Strike
1-1: Ball
2-1: Fielders Choice at 2nd, 5-4 (Groundball, 5, EV 77.5 MPH)
Top of the 6th over - 1 run, 2 hits, 1 error, 1 left on base; California State University at Fullerton 11 - University of Nebraska 13
BOTTOM OF THE 6TH
University of Nebraska Cornhuskers batting - Pitching for California State University at Fullerton Titans : RHP Jim Unknown
Batting: RHB Willie Acevedo 0-0: Ball
1-0: SINGLE (Groundball, 6MD, EV 97.5 MPH)
Batting: LHB Martin Koka 0-0: Ball
1-0: Called Strike
Willie Acevedo steals 2nd base
1-1: Ball
2-1: Foul Ball, location: 2F
2-2: Foul Ball, location: 2F
2-2: Foul Ball, location: 2F
2-2: SINGLE (Groundball, 5D, EV 102.5 MPH)
Willie Acevedo to third
Runner from 3rd tries for Home, SAFE, throw by LF to home
Batting: RHB Fred Rodriguez 0-0: Swinging Strike
0-1: Fly out, F7 (Flyball, 78D, EV 107.5 MPH)
Batting: LHB Arunansu Meenan 0-0: SINGLE (Groundball, 34D, EV 106.9 MPH)
Martin Koka to second
Runner from 2nd tries for 3rd, SAFE, throw by RF made to third
Batting: RHB Chris Lenius 0-0: Ball
1-0: Ball
2-0: Ball
3-0: Called Strike
3-1: Base on Balls
Arunansu Meenan to second
Batting: LHB Roger Shearing 0-0: Ball
1-0: DOUBLE (Flyball, 8RXD, EV 95.0 MPH)
Martin Koka scores
Arunansu Meenan scores
Chris Lenius to third
Batting: RHB Antonio Beltran 0-0: Ball
1-0: Ground out 5-3 (Groundball, 56, EV 83.1 MPH)
Chris Lenius scores
Batting: LHB Pete Fischer 0-0: Ball
1-0: Ball
2-0: Ball
3-0: Base on Balls
Batting: RHB George Buffy 0-0: Fly out, F4 (Popup, 4S, EV 89.4 MPH)
Bottom of the 6th over - 4 runs, 4 hits, 0 errors, 2 left on base; California State University at Fullerton 11 - University of Nebraska 17
TOP OF THE 7TH
California State University at Fullerton Titans batting - Pitching for University of Nebraska Cornhuskers : RHP D.J. Bryant
Batting: SHB Chris Escalante 0-0: Called Strike
0-1: Ball
1-1: Ball
2-1: Ground out U3 (Groundball, 3L, EV 79.4 MPH)
Batting: LHB Jim Unknown 0-0: Called Strike
0-1: Fly out, F9 (Flyball, 9S, EV 86.9 MPH)
Batting: LHB Carlos Guadarrama 0-0: Ball
1-0: Called Strike
1-1: Called Strike
1-2: Ball
2-2: Ball
3-2: Foul Ball, location: 2F
3-2: Strikes out swinging
Top of the 7th over - 0 runs, 0 hits, 0 errors, 0 left on base; California State University at Fullerton 11 - University of Nebraska 17
BOTTOM OF THE 7TH
University of Nebraska Cornhuskers batting - Pitching for California State University at Fullerton Titans : RHP Jim Unknown
Batting: RHB Willie Acevedo 0-0: Ball
1-0: Called Strike
1-1: Foul Ball, location: 2F
1-2: Fly out, F8 (Line Drive, 8RM, EV 90.0 MPH)
Batting: LHB Martin Koka 0-0: Foul Ball, location: 2F
0-1: SINGLE (Groundball, 4, EV 95.0 MPH)
Batting: RHB Fred Rodriguez 0-0: Ball
1-0: Ball
2-0: Ball
3-0: Base on Balls
Martin Koka to second
Pitching: RHP Jim Unknown
Batting: LHB Arunansu Meenan 0-0: Called Strike
0-1: Ball
1-1: Called Strike
1-2: Hit by Pitch
Martin Koka to third
Fred Rodriguez to second
Batting: RHB Chris Lenius 0-0: Ball
1-0: Ball
2-0: Ball
3-0: Called Strike
3-1: Swinging Strike
3-2: Foul Ball, location: 2F
3-2: Base on Balls
Martin Koka scores
Fred Rodriguez to third
Arunansu Meenan to second
Batting: LHB Roger Shearing 0-0: Ball
1-0: DOUBLE (Line Drive, 5D, EV 95.0 MPH)
Fred Rodriguez scores
Arunansu Meenan scores
Chris Lenius to third
Batting: RHB Antonio Beltran 0-0: Called Strike
0-1: DOUBLE (Line Drive, 78D, EV 105.0 MPH)
Chris Lenius scores
Roger Shearing scores
Batting: LHB Pete Fischer 0-0: Ball
1-0: Called Strike
1-1: Ball
2-1: Ball
3-1: Foul Ball, location: 2F
3-2: Base on Balls
Batting: RHB George Buffy 0-0: Fly out, F7 (Flyball, 7S, EV 81.2 MPH)
Pinch Hitting: SHB Ken Kidd 0-0: Ball
1-0: Foul Ball, location: 2F
1-1: Fly out, F8 (Flyball, 8RD, EV 91.9 MPH)
Bottom of the 7th over - 5 runs, 3 hits, 0 errors, 2 left on base; California State University at Fullerton 11 - University of Nebraska 22
TOP OF THE 8TH
California State University at Fullerton Titans batting - Pitching for University of Nebraska Cornhuskers : RHP D.J. Bryant
Now at SS: Shi-fu Cuan
Batting: SHB Macho Baez 0-0: Foul Ball, location: 2F
0-1: Swinging Strike
0-2: Fly out, F8 (Flyball, 8LD, EV 81.2 MPH)
Batting: RHB Panam Palmer 0-0: Ball
1-0: Ball
2-0: Called Strike
2-1: Ground out 3-1 (Groundball, 34, EV 83.8 MPH)
Batting: LHB Freddy Monge 0-0: Called Strike
0-1: Foul Ball, location: 2F
0-2: Ground out 5-3 (Groundball, 56S, EV 71.9 MPH)
Top of the 8th over - 0 runs, 0 hits, 0 errors, 0 left on base; California State University at Fullerton 11 - University of Nebraska 22
BOTTOM OF THE 8TH
University of Nebraska Cornhuskers batting - Pitching for California State University at Fullerton Titans : RHP Jim Unknown
Batting: LHB Martin Koka 0-0: Ball
1-0: SINGLE (Flyball, 8LS, EV 95.6 MPH)
Batting: RHB Fred Rodriguez 0-0: DOUBLE (Line Drive, 9LM, EV 102.5 MPH)
Martin Koka to third
Batting: LHB Arunansu Meenan 0-0: Ball
1-0: Foul Ball, location: 2F
1-1: Single, Error in OF, E9, batter to second base (Line Drive, 9S, EV 90.6 MPH)
Martin Koka scores
Fred Rodriguez scores
Pitching: RHP Jim Unknown
Batting: RHB Chris Lenius 0-0: Ball
1-0: Ball
2-0: Ball
3-0: Base on Balls
Batting: LHB Roger Shearing 0-0: Ball
1-0: Called Strike
1-1: Ball
2-1: Ball
3-1: DOUBLE (Line Drive, 9LM, EV 102.5 MPH)
Arunansu Meenan scores
Chris Lenius to third
Batting: RHB Antonio Beltran 0-0: Called Strike
0-1: Ground out U3 (Groundball, 3, EV 105.6 MPH)
Batting: LHB Pete Fischer 0-0: Called Strike
0-1: Swinging Strike
0-2: Foul Ball, location: 2F
0-2: Foul Ball, location: 2F
0-2: Ground out 4-3 (Groundball, 4, EV 91.9 MPH)
Chris Lenius scores
Roger Shearing to third
Batting: RHB George Buffy 0-0: Called Strike
0-1: Ball
1-1: SINGLE (Line Drive, 7S, EV 94.4 MPH)
Roger Shearing scores
Batting: RHB Shi-fu Cuan 0-0: Called Strike
0-1: Ball
1-1: Fly out, F7 (Flyball, 78S, EV 77.5 MPH)
Bottom of the 8th over - 5 runs, 5 hits, 1 error, 1 left on base; California State University at Fullerton 11 - University of Nebraska 27
TOP OF THE 9TH
California State University at Fullerton Titans batting - Pitching for University of Nebraska Cornhuskers : RHP D.J. Bryant
Pitching: LHP Danny Hernandez
Batting: SHB Pim Schriever 0-0: Called Strike
0-1: Ball
1-1: Foul Ball, location: 2F
1-2: Strikes out swinging
Batting: LHB Alberto Aguilar 0-0: Called Strike
0-1: Called Strike
0-2: Strikes out swinging
Batting: RHB Matt Martin 0-0: Called Strike
0-1: Swinging Strike
0-2: Foul Ball, location: 2F
0-2: Ball
1-2: SINGLE (Flyball, 7S, EV 91.9 MPH)
Pinch Hitting: RHB Roman Lauder 0-0: Called Strike
0-1: Reached on error, E3 (Groundball, 3S, EV 83.1 MPH)
Matt Martin to second
Batting: LHB Jim Unknown 0-0: Called Strike
0-1: Ball
1-1: Ground out 2-3 (Groundball, 2R, EV 71.9 MPH)
Top of the 9th over - 0 runs, 1 hit, 1 error, 2 left on base; California State University at Fullerton 11 - University of Nebraska 27
Wednesday, June 22nd , 2022 - OOTP Baseball 23.4 Build 64